 Dungeon Crawl Stone Soup version 0.16.0-17-g811c1d7 (webtiles) character file.

12945 JustSomeDude the Deadly Accurate (level 11, 0/114 HPs)
             Began as a Centaur Hunter on Mar 18, 2015.
             Was a High Priest of Fedhas.
             Slain by a blink frog (1 damage)
             ... on level 4 of the Lair of Beasts on Mar 22, 2015.
             The game lasted 02:17:05 (11437 turns).

JustSomeDude the Deadly Accurate (Centaur Hunter)  Turns: 11437, Time: 02:17:05

Health: 0/114      AC: 25    Str: 16    XL:     11   Next: 69%
Magic:  11/11      EV:  1    Int: 13    God:    Fedhas [*****.]
Gold:   825        SH:  0    Dex:  9    Spells: 0 memorised, 11 levels left

rFire  . . .     SeeInvis .     B - +11 quarterstaff of Cheese {pain, *Rage rC+ rN+ Int+3 Dex-3}
rCold  + . .     Rnd*Rage +     d - melded +0 leather armour
rNeg   + + +     SustAb   +     (no shield)
rPois  +         Gourm    .     e - melded +2 hat
rElec  .         Spirit   .     (cloak currently unavailable)
rCorr  .         Warding  .     g - melded +1 pair of gloves
rMut   .         NoTele   +     (no barding)
MR     +++..                    (no amulet)
Stlth  +++.......               w - ring of sustain abilities
                                h - ring of protection from magic

@: tree-form, extremely resistant to hostile enchantments, fairly stealthy
A: (hooves 0), (horns 0), (deformed body), (fire resistance 0), (speed 0), frail
1, magic resistance 2, (shaggy fur 0), (tough skin 0), placid magic 1
a: Evolution, Sunlight, Growth, Reproduction, Rain, Renounce Religion


You were on level 4 of the Lair of Beasts.
You worshipped Fedhas.
Fedhas was extremely pleased with you.
You were very full.
You were a tree.
You visited 2 branches of the dungeon, and saw 14 of its levels.

You collected 825 gold pieces.

Inventory:

Hand weapons
 b - a +3 hand crossbow of flaming
 c - a +4 short sword of piercing
 o - a +1 blowgun
 r - the +4 hunting sling of Vosaghall {freeze, rPois rN+ Int+3}
   (You found it on level 3 of the Lair of Beasts)

   It causes projectiles fired from it to freeze those they strike, causing
   extra injury to most foes and up to half again as much damage against
   particularly susceptible opponents.
   They can also slow down cold-blooded creatures.
   It affects your intelligence (+3).
   It protects you from poison.
   It protects you from negative energy.
 t - a +0 whip
 B - the +11 quarterstaff of Cheese (weapon) {pain, *Rage rC+ rN+ Int+3 Dex-3}
   (You found it on level 8 of the Dungeon)

   In the hands of one skilled in necromantic magic, it inflicts extra damage on
   living creatures.
   It affects your intelligence (+3).
   It affects your dexterity (-3).
   It protects you from cold.
   It protects you from negative energy.
   It may make you go berserk in combat.
 K - a +0 shortbow
 S - a +1 flail of holy wrath
 T - a +0 scythe
Missiles
 k - 3 needles of paralysis
 p - 3 bolts of frost
 s - 23 poisoned needles
 x - 14 bolts
 A - 6 javelins (quivered)
 C - 9 sling bullets of flame
 L - 44 arrows
 O - 24 stones
 V - 13 arrows of flame
 X - 4 curare-tipped needles
Armour
 d - a +0 leather armour (melded)
 e - a +2 hat (melded)
 g - a +1 pair of gloves (melded)
Magical staves
 G - an uncursed staff of conjuration
Jewellery
 h - a ring of protection from magic (left branch)
 w - a ring of sustain abilities (right branch)
 M - an uncursed ring of positive energy
 P - an uncursed ring of poison resistance
Magical devices
 a - a wand of disintegration (10)
 j - a wand of fireball (3)
 n - a wand of slowing (42)
 y - a wand of digging (13)
 D - a wand of hasting (3)
 F - a wand of magic darts (24)
 I - a wand of flame (35)
Scrolls
 l - a scroll of amnesia
 v - a scroll of identify
 Q - 3 scrolls of remove curse
Potions
 m - a potion of berserk rage {unknown}
 R - a potion of cancellation {unknown}
 Y - a potion of restore abilities
Books
 u - a Necronomicon {highlevel, unknown}

   This book is beyond your current level of understanding.

   Spells                             Type                      Level
   a - Haunt                          Necromancy/Summoning         7
   b - Borgnjor's Revivification      Necromancy                   8
   c - Death's Door                   Charms/Necromancy            8
   d - Necromutation                  Transmutation/Necromancy     8
 E - a book of Dreams

   Spells                             Type                      Level
   a - Ensorcelled Hibernation        Hexes/Ice                    2
   b - Flight                         Charms/Air                   3
   c - Phase Shift                    Translocation                5
   d - Shadow Creatures               Summoning                    5
   e - Mass Confusion                 Hexes                        6
   f - Darkness                       Hexes                        7
Comestibles
 f - 3 bread rations
 i - 2 meat rations
 q - a beef jerky
 z - 2 royal jellies
 J - a slice of pizza
 U - a fruit


   Skills:
 + Level 4.3 Fighting
 + Level 1.1 Short Blades
 - Level 0.1(1.1) Maces & Flails
 * Level 1.8 Staves
 + Level 0.9(9.1) Slings
 + Level 11.4 Crossbows
 * Level 15.8 Throwing
 + Level 3.4 Armour
 + Level 4.0 Dodging
 + Level 2.4 Stealth
 * Level 0.9 Spellcasting
 + Level 2.0 Invocations


You had 11 spell levels left.
You didn't know any spells.

Dungeon Overview and Level Annotations

Branches:
Dungeon (10/15)            Temple (0/1) D:5            Lair (4/8) D:10
 Shoals (0/5) Lair:3
  Snake: Lair:3-6    Spider: Lair:3-6       Orc: D:9-12

Altars:
Fedhas
Kikubaaqudgha
Okawaru
Qazlal

Annotations:
D:4 Pikel


Innate Abilities, Weirdness & Mutations

((You have hooves in place of feet.))
((Armour fits poorly on your strangely shaped body.))
((You cover ground very quickly.))
((You have extremely tough skin (AC +3).))
((You have a pair of small horns on your head.))
((Your flesh is heat resistant.))
You are frail (-10% HP).
You are highly resistant to hostile enchantments.
((You are covered in fur (AC +1).))
Your spells are a little easier to cast, but a little less powerful.


Message History

* * * LOW HITPOINT WARNING * * *
The blink frog blinks!
The iguana bites you.
* * * LOW HITPOINT WARNING * * *
The iguana bites you but does no damage.
The blink frog blinks!
The blink frog blinks!
The blink frog hits you but does no damage.
The iguana barely misses you.
The blink frog hits you but does no damage.
The iguana bites you but does no damage.
The blink frog hits you but does no damage. x2
The iguana bites you but does no damage.
The blink frog hits you but does no damage. x2
The blink frog hits you but does no damage.
The iguana bites you.
* * * LOW HITPOINT WARNING * * *
The blink frog hits you but does no damage. x2
The blink frog hits you.
You die...
Fedhas appreciates your contribution to the ecosystem.

***##P...* #.....≈≈≈≈≈≈.#P.
####....#* #....>.≈≈≈≈≈.#..
#.......# #.....≈≈≈≈≈≈.#..
..#P.#P.# ###≈.≈≈≈≈≈≈≈..#.
..##.§..######## #.≈≈≈≈≈≈≈..#..
.....#...#.##..######.≈≈≈≈≈......
........Fl........# #...≈≈...#...
........#.##..#lFF# ###...≈#.#...
.....#.####.####♣[###..#..####...
P..##### ### #P..###....##*##..
..P# ##* #...#PP.....##.#.. ..##
#.##########................
..#####.##..#.##..#.............#
..##.#....P...............#..####
........PP#..##....#.##..##...#
##.#....#######.####..#####..##
#####...# #####..........#


You could see 2 blink frogs and an iguana.

Vanquished Creatures
  4 hydras
  The ghost of hulla the Transmogrifier, an experienced OpTm of Makhleb (D:7)
  A hill giant (D:5)
  A black mamba (Lair:2)
  2 spiny frogs
  Prince Ribbit (D:9)
  A fire drake (D:10)
  9 yaks
  8 wolves
  3 hippogriffs
  6 water moccasins
  3 porcupines (Lair:4)
  3 slaves (D:4)
  A black bear (Lair:2)
  An ogre (D:9)
  A sky beast (D:8)
  A phantom (D:8)
  2 ice beasts (D:8)
  A centaur (D:8)
  4 crocodiles
  6 giant frogs
  A big kobold (D:8)
  A gnoll sergeant (D:9)
  4 scorpions
  A jelly (D:9)
  3 giant frog zombies
  2 crimson imps (D:5)
  A goliath beetle (D:9)
  2 giant frog skeletons
  7 hounds
  A centaur skeleton (D:5)
  9 orc priests
  4 worker ants
  9 orc wizards
  5 iguanas
  Jessica (D:2)
  2 hound skeletons
  A hound zombie (D:8)
  2 worker ant zombies
  11 adders
  5 gnolls (D:9)
  2 shadow imps
  A giant mite (D:8)
  5 river rats (Lair:2)
  An adder skeleton (D:4)
  2 giant geckos
  An ooze (D:2)
  25 orcs
  A ball python (D:1)
  A bat skeleton (D:4)
  5 hobgoblins
  8 quokkas
  6 bats
  A giant cockroach (D:3)
  A giant gecko skeleton (D:7)
  2 giant newts
  9 goblins
  2 jackals (D:4)
  A jackal skeleton (D:4)
  12 kobolds
  A kobold zombie (D:9)
  An orc zombie (D:9)
  13 rats
  A plant (D:3)
234 creatures vanquished.

Vanquished Creatures (collateral kills)
  Gastronok (Lair:3)
  A yak (Lair:1)
  A hippogriff (Lair:2)
  2 wolves (Lair:2)
  A water moccasin (Lair:3)
  An orc warrior (D:4)
  A black bear (D:5)
  2 crocodiles (Lair:1)
  A wyvern skeleton (D:10)
  A crimson imp (D:6)
  A gnoll shaman (D:5)
  An orc priest (D:6)
  An orc wizard (D:6)
  4 gnolls (D:5)
  An adder (D:6)
  A worm (D:4)
  An adder zombie (D:5)
  5 orcs
  A bat zombie (D:5)
  A giant cockroach (D:4)
  A goblin (D:7)
  A quokka (Lair:1)
  A giant newt (D:6)
  A kobold (D:6)
  A rat (Lair:3)
34 creatures vanquished.

Vanquished Creatures (others)
  An oklob plant (Lair:2)
  3 wandering mushrooms
  4 fungi (Lair:4)
  222 toadstools
230 creatures vanquished.

Grand Total: 498 creatures vanquished

Notes
Turn   | Place    | Note
--------------------------------------------------------------
     0 | D:1      | JustSomeDude, the Centaur Hunter, began the quest for the Orb.
     0 | D:1      | Reached XP level 1. HP: 17/17 MP: 1/1
   375 | D:2      | Reached XP level 2. HP: 18/24 MP: 2/2
   408 | D:2      | Found an ancient bone altar of Kikubaaqudgha.
   506 | D:2      | Noticed Jessica
   514 | D:2      | Killed Jessica
   514 | D:2      | Reached skill level 5 in Crossbows
   520 | D:2      | Reached XP level 3. HP: 27/29 MP: 3/3
  1404 | D:3      | Found a blossoming altar of Fedhas.
  1422 | D:3      | Became a worshipper of Fedhas Madash
  1872 | D:4      | Reached skill level 1 in Throwing
  1872 | D:4      | Reached XP level 4. HP: 32/36 MP: 3/3
  1898 | D:4      | Reached skill level 6 in Crossbows
  1937 | D:4      | Reached XP level 5. HP: 34/41 MP: 4/4
  1941 | D:4      | Noticed a scorpion
  1962 | D:4      | Killed a scorpion
  1962 | D:4      | Reached skill level 7 in Crossbows
  2459 | D:4      | Reached XP level 6. HP: 48/48 MP: 5/5
  2478 | D:4      | Noticed a slave
  2479 | D:4      | Noticed a slave
  2482 | D:4      | Noticed Pikel
  2483 | D:4      | Noticed a slave
  2486 | D:4      | Killed a slave
  2487 | D:4      | Noticed a slave
  2495 | D:4      | Killed a slave
  2502 | D:4      | Killed a slave
  2748 | D:5      | Entered Level 5 of the Dungeon
  2755 | D:4      | Acquired Fedhas' first power
  2795 | D:4      | Reached skill level 1 in Armour
  2795 | D:4      | Reached skill level 1 in Stealth
  2863 | D:5      | Found a staircase to the Ecumenical Temple.
  3022 | D:5      | Reached XP level 7. HP: 55/55 MP: 5/5
  3356 | D:5      | Gained mutation: You are resistant to hostile enchantments. [potion of mutation]
  3356 | D:5      | Gained mutation: You are highly resistant to hostile enchantments. [potion of mutation]
  3356 | D:5      | Gained mutation: Your spells are a little easier to cast, but a little less powerful. [potion of mutation]
  3415 | D:5      | Reached skill level 5 in Throwing
  3546 | D:6      | Noticed a hill giant
  3651 | D:5      | Killed a hill giant
  3651 | D:5      | Reached skill level 8 in Crossbows
  3651 | D:5      | Reached XP level 8. HP: 39/62 MP: 6/6
  3694 | D:6      | Upgraded the game from 0.16.0-12-g7215832 to 0.16.0-16-g311141a
  3764 | D:5      | Reached skill level 9 in Throwing
  3978 | D:6      | Acquired Fedhas' second power
  4284 | D:7      | Noticed hulla's ghost (experienced OpTm)
  4320 | D:7      | Killed hulla's ghost
  4320 | D:7      | Reached skill level 10 in Throwing
  4320 | D:7      | Reached skill level 1 in Invocations
  4320 | D:7      | Reached XP level 9. HP: 68/68 MP: 8/8
  4662 | D:7      | Got a bronze chain mail
  5437 | D:8      | Found an iron altar of Okawaru.
  5437 | D:8      | Found a stormy altar of Qazlal.
  5606 | D:8      | Reached skill level 1 in Short Blades
  5873 | D:8      | Reached skill level 11 in Throwing
  6059 | D:8      | Got a smoking quarterstaff
  6060 | D:8      | Identified the +11 quarterstaff of Cheese {pain, *Rage rC+ rN+ Int+3 Dex-3} (You found it on level 8 of the Dungeon)
  6091 | D:8      | Acquired Fedhas' third power
  6698 | D:9      | Gained mutation: You are covered in fur (AC +1). [potion of beneficial mutation]
  6956 | D:9      | Gained mutation: You have a pair of small horns on your head. [potion of mutation]
  6957 | D:9      | Gained mutation: You are frail (-10% HP). [potion of mutation]
  6957 | D:9      | Gained mutation: Your flesh is heat resistant. [potion of mutation]
  7057 | D:9      | Reached skill level 12 in Throwing
  7096 | D:9      | Noticed Prince Ribbit
  7407 | D:9      | Killed Prince Ribbit
  7407 | D:9      | Reached XP level 10. HP: 69/69 MP: 8/8
  7444 | D:10     | Entered Level 10 of the Dungeon
  7514 | D:10     | Found a staircase to the Lair.
  7677 | Lair:1   | Entered Level 1 of the Lair of Beasts
  7750 | Lair:1   | Acquired Fedhas' fourth power
  8394 | Lair:1   | Reached skill level 10 in Crossbows
  8454 | Lair:1   | Reached skill level 13 in Throwing
  8619 | Lair:2   | Upgraded the game from 0.16.0-16-g311141a to 0.16.0-17-g811c1d7
  8628 | Lair:2   | Noticed a black mamba
  8634 | Lair:2   | Killed a black mamba
  8826 | Lair:2   | Noticed a seven-headed hydra
  8852 | Lair:2   | Killed a seven-headed hydra
  8852 | Lair:2   | Reached skill level 14 in Throwing
  9456 | Lair:2   | Noticed a six-headed hydra
  9493 | Lair:2   | Killed a six-headed hydra
  9493 | Lair:2   | Reached XP level 11. HP: 74/74 MP: 11/11
  9578 | Lair:3   | Noticed Gastronok
  9609 | Lair:3   | Killed Gastronok
  9609 | Lair:3   | Reached skill level 15 in Throwing
  9693 | Lair:3   | Noticed a four-headed hydra
  9699 | Lair:3   | HP: 2/74 [four-headed hydra (6)]
  9761 | Lair:3   | HP: 3/74 [four-headed hydra (15)]
  9763 | Lair:3   | Killed a four-headed hydra
  9763 | Lair:3   | Reached skill level 1 in Staves
 10387 | Lair:3   | Found a staircase to the Shoals.
 10415 | Lair:3   | Got a translucent hunting sling
 10550 | Lair:3   | Acquired Fedhas' fifth power
 10590 | Lair:3   | Noticed a four-headed hydra
 10706 | Lair:4   | Identified the +4 hunting sling of Vosaghall {freeze, rPois rN+ Int+3} (You found it on level 3 of the Lair of Beasts)
 10787 | Lair:4   | Killed a four-headed hydra
 10855 | Lair:4   | Noticed a seven-headed hydra
 11430 | Lair:4   | HP: 4/114 [blink frog (3)]
 11436 | Lair:4   | HP: 1/114 [iguana (3)]
 11437 | Lair:4   | Slain by a blink frog

Action                   |  1- 3 |  4- 6 |  7- 9 | 10-12 || total
-------------------------+-------+-------+-------+-------++-------
Melee: Short sword       |    11 |       |    77 |       ||    88
       Quarterstaff      |       |       |    26 |    36 ||    62
       Whip              |       |       |     4 |       ||     4
       Blowgun           |       |       |     2 |       ||     2
       Flail             |       |       |       |     2 ||     2
 Fire: Hand crossbow     |    72 |   119 |   125 |   128 ||   444
       Blowgun           |       |     4 |   195 |   130 ||   329
       Shortbow          |       |       |     1 |     1 ||     2
       Hunting sling     |       |       |       |    13 ||    13
Throw: Javelin           |       |       |    16 |     9 ||    25
       Stone             |       |       |       |     6 ||     6
Invok: Evolution         |       |     2 |     2 |     4 ||     8
Evoke: Stone of tremors  |       |       |       |     1 ||     1
  Use: Scroll            |     7 |     4 |    12 |    10 ||    33
       Potion            |     5 |       |    11 |     5 ||    21
 Stab: Invisible         |       |       |     1 |       ||     1
       Sleeping          |       |       |     1 |       ||     1
       Distracted        |       |       |       |     2 ||     2
       Paralysed         |       |       |       |     1 ||     1
  Eat: Bread ration      |     1 |       |       |       ||     1
       Pizza             |       |     1 |       |       ||     1
       Meat ration       |       |       |     2 |     3 ||     5
       Chunk             |       |       |     2 |       ||     2
       Royal jelly       |       |       |       |     1 ||     1
